 Dungeon Crawl Stone Soup version 0.29.1-15-g9cfb28693d (webtiles) character file.

Game seed: 1695049773641036743

210 fleeber the Slasher (level 5, 0/38 HPs)
             Began as a Merfolk Gladiator on Feb 28, 2023.
             Slain by a gnoll
             ... wielding a +0 halberd
             ... led by a gnoll bouda
              (11 damage)
             ... on level 4 of the Dungeon.
             The game lasted 00:06:10 (3688 turns).

fleeber the Slasher (Merfolk Gladiator)             Turns: 3688, Time: 00:06:10

Health: 0/38       AC:  7    Str: 14    XL:     5   Next: 87%
Magic:  5/5        EV: 12    Int:  8    God:
Gold:   121        SH:  0    Dex: 17    Spells: 4/4 levels left

rFire   . . .      SeeInvis .   a - +0 long sword
rCold   . . .      Faith    .   (no shield)
rNeg    . . .      Spirit   .   m - +1 ring mail "Oqes" {Rampage rPois}
rPois   +          Reflect  .   c - +0 helmet
rElec   .          Harm     .   (no cloak)
rCorr   .          Rampage  +   (no gloves)
Will    .....                   (no boots)
Stlth   +.........              (no amulet)
HPRegen 0.12/turn               (no ring)
MPRegen 0.09/turn               (no ring)

@: no status effects
A: (nimble swimmer 2), mertail
a: no special abilities


You were on level 4 of the Dungeon.
You visited 1 branch of the dungeon, and saw 4 of its levels.

You collected 121 gold pieces.

Inventory:

Hand Weapons
 a - a +0 long sword (weapon)
Missiles
 d - 3 throwing nets (quivered)
 e - a javelin
 h - 10 poisoned darts
 o - 41 stones
Armour
 c - a +0 helmet (worn)
 m - the +1 ring mail "Oqes" (worn) {Rampage rPois}
   (You found it on level 2 of the Dungeon)

   rPois:     It protects you from poison.
   Rampage:   It bestows one free step when moving towards enemies.
Jewellery
 s - a ring of wizardry
Scrolls
 b - 2 scrolls of enchant weapon {unknown}
 f - 2 scrolls of fog {unknown}
 i - 2 scrolls of magic mapping {unknown}
 l - a scroll of torment {unknown}
 p - a scroll of teleportation {unknown}
 r - 6 scrolls of identify {unknown}
Potions
 g - a potion of flight {unknown}
 j - a potion of haste {unknown}
 k - 2 potions of heal wounds {unknown}
 n - a potion of curing {unknown}
 q - a potion of lignification {unknown}
 t - a potion of invisibility {unknown}
 u - a potion of berserk rage {unknown}
 v - a potion of ambrosia {unknown}
 w - a potion of degeneration {unknown}


   Skills:
 - Level 2.1 Fighting
 + Level 7.6 Long Blades
 - Level 2.0 Throwing
 - Level 4.0 Dodging


You had 4 spell levels left.
You didn't know any spells.
Your spell library was empty.

Dungeon Overview and Level Annotations

Branches:
Dungeon (4/15)
 Temple: D:4-7

Altars:
Cheibriados


Innate Abilities, Weirdness & Mutations

((You are very nimble when in or above water. (Stealth+, EV+, Speed+++)))
Your lower body shifts to a powerful aquatic tail in water.


Message History

The gnoll hits you with a +0 flail.
You are too injured to fight recklessly!
You are too injured to fight recklessly!
You are too injured to fight recklessly!
You are too injured to fight recklessly!
You are too injured to fight recklessly!
You hit the gnoll.
The gnoll is heavily wounded.
The gnoll hits you but does no damage.
You hit the gnoll but do no damage.
The gnoll is heavily wounded.
The gnoll closely misses you.
The hound barks!
You hit the gnoll but do no damage.
The gnoll is heavily wounded.
The gnoll hits you with a +0 flail. The gnoll barely misses you.
You slash the gnoll!
You kill the gnoll!
The gnoll barely misses you.
You hit the gnoll bouda.
The gnoll bouda is lightly wounded.
The gnoll bouda barely misses you. The gnoll closely misses you.
You hit the gnoll bouda.
The gnoll bouda is moderately wounded.
The gnoll bouda hits you with a +0 whip.
The gnoll hits you from afar with a +0 halberd.
You slash the gnoll bouda!
The gnoll bouda is almost dead.
The gnoll bouda prays to its god.
The gnoll bouda is healed somewhat.
The gnoll closely misses you.
You hit the gnoll bouda but do no damage.
The gnoll bouda is severely wounded.
The gnoll bouda hits you with a +0 whip.
* * * LOW HITPOINT WARNING * * *
The gnoll closely misses you.
You slash the gnoll bouda!
The gnoll bouda is almost dead.
The gnoll bouda barely misses you.
The gnoll hits you from afar with a +0 halberd!
You die...

###...............## #.
#.......#.........###
##.#.#..##..........##
#......####..........##
#...##..# ##...........
..## ...## #...........
.##..## ##.......... #.
#..####..........
#..@gh...........
#.####g.##...##... #.
#.####..# ... #. #..##
..# .. .# #..#.g# ....
# #..###..#..... ..##
#..g..... #. #....g. #
........g


You could see a gnoll bouda, a hound and a gnoll (swift).

Vanquished Creatures
  An iguana (D:4)
  A mummy (D:3)
  Robin (D:3)
  6 gnolls (D:4)
  An adder (D:3)
  A worm (D:2)
  A dart slug (D:1)
  8 endoplasms
  2 giant cockroaches
  12 goblins
  13 hobgoblins
  5 jackals
  2 quokkas (D:1)
  8 ball pythons
  10 bats
  4 frilled lizards
  5 kobolds
  4 rats
85 creatures vanquished.

Notes
Turn   | Place    | Note
-------+----------+-------------------------------------------
     0 | D:1      | fleeber the Merfolk Gladiator began the quest for the Orb.
     0 | D:1      | Reached XP level 1. HP: 16/16 MP: 1/1
   117 | D:1      | Reached skill level 4 in Long Blades
   213 | D:1      | Reached XP level 2. HP: 22/22 MP: 2/2
   290 | D:1      | Found a faded altar of an unknown god.
   682 | D:1      | Reached XP level 3. HP: 22/27 MP: 3/3
   755 | D:1      | Reached skill level 5 in Long Blades
  1442 | D:2      | Identified the +1 ring mail "Oqes" {Rampage rPois}
  1913 | D:3      | Reached XP level 4. HP: 33/33 MP: 4/4
  2230 | D:3      | Reached skill level 6 in Long Blades
  2606 | D:3      | Found a snail-covered altar of Cheibriados.
  2707 | D:3      | Noticed Robin
  2717 | D:3      | Killed Robin
  2729 | D:3      | Reached XP level 5. HP: 11/38 MP: 5/5
  3241 | D:4      | Reached skill level 7 in Long Blades
  3529 | D:4      | Noticed a black bear
  3688 | D:4      | Slain by a gnoll

Illustrated notes

Levels and vault maps discovered:
D:1:      dpeg_arrival_lava_altar, layout_basic, nicolae_ecumenical_lake_church
D:2:      layout_loops_ring, kennysheep_generic_room_8
D:3:      layout_loops_corners, slow_altar_2, due_unseen_surprise, uniq_robin
D:4:      layout_layer_cave, grunt_temple_overflow_open,
          minmay_temple_entry_wispy, amcnicky_mini_corridor_feature,
          dk_noncrumbling_4

Skill      XL: |  1  2  3  4  5 |
---------------+----------------+-----
Long Blades    | 4 5 6 7 |  7.6
Fighting       | |  2.1
Throwing       | |  2.0
Dodging        | |  4.0

Action                   |  1- 3 |  4- 6 || total
-------------------------+-------+-------++-------
Melee: Long sword        |   105 |   141 ||   246
       Punch             |     1 |     1 ||     2
Armor: Leather armour    |    10 |       ||    10
       Ring mail         |    26 |    38 ||    64
Dodge: Dodged            |    59 |    88 ||   147
